 Dungeon Crawl Stone Soup version 0.26.1-2-gb8aa6d0cf2 (webtiles) character file.

Game seed: 7411087602962140477

137 DearestLeader the Chiller (level 5, -5/35 HPs)
             Began as a Merfolk Ice Elementalist on Mar 24, 2021.
             Killed by divine providence
             ... invoked by an orc priest
              (14 damage)
             ... on level 3 of the Dungeon.
             The game lasted 00:05:37 (2445 turns).

DearestLeader the Chiller (MfIE)                    Turns: 2445, Time: 00:05:38

Health: -5/35      AC:  4    Str:  8    XL:     5   Next: 20%
Magic:  8/8        EV: 12    Int: 15    God:
Gold:   87         SH:  0    Dex: 15    Spells: 1/8 levels left

rFire    . . .     SeeInvis +   m - +1 dagger (venom)
rCold    . . .     Faith    .   (no shield)
rNeg     . . .     Spirit   .   q - +0 leather armour
rPois    .         Reflect  .   n - +0 helmet
rElec    .         Harm     .   (no cloak)
rCorr    .         Rampage  .   (no gloves)
Will     .....                  (no boots)
Stlth    +.........             (no amulet)
HPRegen  0.11/turn              p - ring of see invisible
MPRegen  0.11/turn              (no ring)

@: confused
A: change form in water, swift swim, stealthy swim
a: no special abilities


You were on level 3 of the Dungeon.
You visited 1 branch of the dungeon, and saw 3 of its levels.

You collected 87 gold pieces.

Inventory:

Hand Weapons
 b - a +0 dagger
 e - a +0 hunting sling
 m - a +1 dagger of venom (weapon)
Missiles
 o - 66 stones
 r - 2 atropa-tipped darts (quivered)
Armour
 a - a +0 robe
 n - a +0 helmet (worn)
 q - a +0 leather armour (worn)
Jewellery
 p - a ring of see invisible (left hand)
Scrolls
 c - a scroll of teleportation {unknown}
 f - a scroll of blinking {unknown}
 i - a scroll of amnesia {unknown}
 k - a scroll of remove curse {unknown}
 l - 3 scrolls of identify {unknown}
Potions
 g - a potion of heal wounds {unknown}
 h - a potion of brilliance {unknown}
 j - a potion of magic {unknown}
 s - a potion of haste {unknown}


   Skills:
 - Level 2.6 Dodging
 - Level 2.1 Stealth
 - Level 2.0 Spellcasting
 * Level 7.0 Ice Magic


You had one spell level left.
You knew the following spells:

 Your Spells              Type           Power        Failure   Level
a - Freeze                Ice            88%          1%          1
b - Frozen Ramparts       Ice            44%          5%          3
c - Ozocubu's Armour      Ice            22%          5%          3

Your spell library contained the following spells:

 Spells                   Type           Power        Failure   Level
 Hailstorm                Conj/Ice       12%          58%         4
 Summon Ice Beast         Ice/Summ       12%          58%         4


Dungeon Overview and Level Annotations

Branches:
Dungeon (3/15)

Altars:
Nemelex Xobeh


Message History

You are too confused!
Unknown command.
Your frozen ramparts will break if you move.
Continue? [Y]es or [N]o only, please.
Your frozen ramparts will break if you move.
Continue? [Y]es or [N]o only, please.
Your frozen ramparts will break if you move.
Continue? [Y]es or [N]o only, please.
Your frozen ramparts will break if you move.
Continue? [Y]es or [N]o only, please.
Your frozen ramparts will break if you move.
Continue? [Y]es or [N]o only, please.
Your frozen ramparts will break if you move.
Continue? [Y]es or [N]o only, please.
Your frozen ramparts will break if you move.
Continue?
The frozen ramparts melt away as you move.
The orc priest barely misses you.
The orc priest mumbles some strange prayers to Beogh against you.
Beogh smites you!
You die...

P.#.....# ## ..#>....#
##... .##.....# .....
###.....# #..g. ##.....#
#oo.# #.###..# ###...# ....
#.# ##.## ##.)..# #.....#
#.# #†.# #..o..#####.....
##.#
#..#####..@............
.#.# ###....#(..######.#...
...###..........####.......
.......###....###....#.#.#
......####....###......#.##
......†))......##.....#...#
.#.........#<#.......##...#
.#.##.....................#
.#.##...........#....#....#


You could see 2 orc priests, an orc and a hobgoblin.

Vanquished Creatures
  An orc priest (D:3)
  Robin (D:2)
  An adder (D:2)
  2 oozes (D:2)
  A worm (D:2)
  2 dart slugs (D:2)
  A leopard gecko (D:2)
  6 orcs
  2 giant cockroaches (D:2)
  11 goblins
  8 hobgoblins
  6 jackals
  A ball python (D:2)
  8 bats
  5 frilled lizards
  3 kobolds
  A rat (D:3)
60 creatures vanquished.

Notes
Turn   | Place    | Note
-------+----------+-------------------------------------------
     0 | D:1      | DearestLeader the Merfolk Ice Elementalist began the quest
                  | for the Orb.
     0 | D:1      | Reached XP level 1. HP: 13/13 MP: 3/3
   178 | D:1      | Reached XP level 2. HP: 19/19 MP: 0/5
   289 | D:1      | Reached skill level 5 in Ice Magic
   837 | D:2      | Reached XP level 3. HP: 17/24 MP: 2/6
   841 | D:2      | Learned a level 3 spell: Frozen Ramparts
  1038 | D:2      | Found a sparkling altar of Nemelex Xobeh.
  1187 | D:2      | Noticed Robin
  1199 | D:2      | Killed Robin
  1200 | D:2      | Reached skill level 6 in Ice Magic
  1388 | D:2      | Reached XP level 4. HP: 27/30 MP: 3/7
  2122 | D:2      | Learned a level 3 spell: Ozocubu's Armour
  2444 | D:3      | Reached skill level 7 in Ice Magic
  2444 | D:3      | Reached XP level 5. HP: 5/35 MP: 4/8
  2445 | D:3      | Killed from afar by an orc priest

Illustrated notes

Levels and vault maps discovered:
D:1:      scummos_arrival_gate, layout_rooms
D:2:      layout_rooms, nemelex_dance_club_becter, uniq_robin
D:3:      layout_rooms, serial_aquarium, aquarium_bridge_square
          [aquarium_subvault_balcony, aquarium_subvault_bridge,
          aquarium_subvault_wall, aquarium_subvault_window],
          aquarium_bridge_long_separate [aquarium_subvault_wall,
          aquarium_subvault_wall, aquarium_subvault_bridge,
          aquarium_subvault_wall, aquarium_subvault_window,
          aquarium_subvault_bridge], aquarium_window_fake,
          aquarium_window_corridor_3, aquarium_window_fake, aquarium_view_2e,
          aquarium_view_2d

Skill      XL: |  1  2  3  4 |
---------------+-------------+-----
Ice Magic      | 5 6 7 |  7.0
Dodging        | |  2.6
Stealth        | |  2.1
Spellcasting   | |  2.0

Action                   |  1- 3 |  4- 6 || total
-------------------------+-------+-------++-------
Melee: Dagger            |    38 |    56 ||    94
 Cast: Freeze            |    27 |       ||    27
       Frozen Ramparts   |     6 |     5 ||    11
  Use: Potion            |       |     1 ||     1
 Stab: Sleeping          |     2 |     2 ||     4
Armor: Robe              |    10 |     9 ||    19
       Leather armour    |       |     2 ||     2
Dodge: Dodged            |    44 |    30 ||    74
